[ AOE2 MATCH · #493966080 ]
UnrankedTurks vs Goths
[ REPLAY ANALYSIS · EXTRACTED FROM THE RECORDED GAME ]
Feudal
10:56
Castle
14:37
Imperial
30:33
| APM avg | 94.4 |
| APM peak | 212 |
| eAPM avg | 59.6 |
| Villagers / military | 213 / 89 |
Focus
⚔️ 68.9% · 🌾 31.1%
Janissary ×55 · Bombard Cannon ×30 · Mangonel ×3 · Monk ×1
Feudal
10:34
Castle
17:19
Imperial
38:57
| APM avg | 38.1 |
| APM peak | 79 |
| eAPM avg | 23.3 |
| Villagers / military | 202 / 347 |
Focus
⚔️ 32.8% · 🌾 67.2%
Spearman ×157 · Skirmisher ×101 · Militia ×65 · Archer ×16 · Battering Ram ×6 · Mangonel ×2
Feudal
9:44
Castle
15:30
Imperial
35:36
| APM avg | 31.4 |
| APM peak | 69 |
| eAPM avg | 17.6 |
| Villagers / military | 139 / 339 |
Focus
⚔️ 33.4% · 🌾 66.6%
Conquistador ×261 · Knight ×71 · Monk ×5 · Missionary ×2
Feudal
11:23
Castle
14:57
Imperial
26:05
| APM avg | 33.9 |
| APM peak | 66 |
| eAPM avg | 18.1 |
| Villagers / military | 158 / 259 |
Focus
⚔️ 36.4% · 🌾 63.6%
Spearman ×122 · Skirmisher ×76 · Hand Cannoneer ×34 · Bombard Cannon ×25 · Trebuchet (Packed) ×2
Feudal
10:25
Castle
14:22
Imperial
43:31
| APM avg | 38.7 |
| APM peak | 85 |
| eAPM avg | 28.5 |
| Villagers / military | 218 / 157 |
Focus
⚔️ 25.3% · 🌾 74.7%
Knight ×83 · Camel Scout ×70 · Spearman ×2 · Monk ×1 · Mangonel ×1
Feudal
9:19
Castle
19:01
Imperial
30:52
| APM avg | 26.0 |
| APM peak | 86 |
| eAPM avg | 16.4 |
| Villagers / military | 172 / 369 |
Focus
⚔️ 27.6% · 🌾 72.4%
Scout Cavalry ×244 · Knight ×82 · Obuch ×32 · Battering Ram ×6 · Trebuchet (Packed) ×5
Feudal
9:49
Castle
13:45
Imperial
36:09
| APM avg | 43.2 |
| APM peak | 96 |
| eAPM avg | 25.4 |
| Villagers / military | 118 / 180 |
Focus
⚔️ 44.6% · 🌾 55.4%
Scout Cavalry ×161 · Monk ×13 · Battering Ram ×3 · Trebuchet (Packed) ×2 · Mangonel ×1
Feudal
11:11
Castle
27:38
Imperial
39:32
| APM avg | 17.3 |
| APM peak | 46 |
| eAPM avg | 14.8 |
| Villagers / military | 116 / 236 |
Focus
⚔️ 45.0% · 🌾 55.0%
Archer ×183 · Fire Lancer ×52 · Monk ×1
Match map
Initial resources + every placement click. Lines = walls · curves = elevation contours. ◆ gold · ⬟ stone · ● berries · ✦ relic · ◌ wall gap
Your base· ✓ Closed at 14:37 · 0t walls · 2 gate(s)
Noa's base· ✓ Closed at 17:19 · 0t walls · 2 gate(s)
Hayah's base· ✓ Closed at 15:30 · 0t walls · 2 gate(s)
99_rocketahip's base· ✓ Closed at 14:57 · 0t walls · 2 gate(s)
Tutu®'s base· ✓ Closed at 14:22 · 17t walls · 2 gate(s)
Lord Snow's base· ✓ Closed at 19:01 · 0t walls · 2 gate(s)
Egbert's base· ✓ Closed at 13:45 · 0t walls · 3 gate(s)
Explorer's base· ✓ Closed at 27:38 · 0t walls · 2 gate(s)
Smoothed initial terrain · ◌ = detected wall gap · hover for details
Inputs per minute
— VIT | Hera - - Noa
Build order — VIT | Hera
First 150 of 499 actions detected
| 0:01 | Create | Villager (Male) |
| 0:01 | Create | Villager (Male) |
| 0:01 | Create | Villager (Male) |
| 0:02 | Build | House |
| 0:02 | Build | House |
| 0:06 | Create | Villager (Male) |
| 0:06 | Create | Villager (Male) |
| 1:27 | Create | Villager (Male) |
| 1:28 | Create | Villager (Male) |
| 1:52 | Create | Villager (Male) |
| 1:52 | Create | Villager (Male) |
| 2:21 | Build | Lumber Camp |
| 2:25 | Create | Villager (Male) |
| 2:26 | Create | Villager (Male) |
| 2:26 | Create | Villager (Male) |
| 3:04 | Create | Villager (Male) |
| 3:04 | Create | Villager (Male) |
| 3:28 | Create | Villager (Male) |
| 3:28 | Create | Villager (Male) |
| 3:28 | Create | Villager (Male) |
| 3:33 | Build | House |
| 3:34 | Build | House |
| 3:59 | Create | Villager (Male) |
| 4:00 | Create | Villager (Male) |
| 4:00 | Create | Villager (Male) |
| 4:23 | Create | Villager (Male) |
| 4:24 | Create | Villager (Male) |
| 4:57 | Create | Villager (Male) |
| 4:57 | Create | Villager (Male) |
| 5:36 | Create | Villager (Male) |
| 6:03 | Build | Mill |
| 6:06 | Create | Villager (Male) |
| 6:07 | Create | Villager (Male) |
| 6:23 | Create | Villager (Male) |
| 6:24 | Create | Villager (Male) |
| 6:24 | Create | Villager (Male) |
| 7:17 | Build | House |
| 7:49 | Create | Villager (Male) |
| 8:20 | Create | Villager (Male) |
| 8:25 | Build | Mining Camp |
| 8:43 | Research | Feudal Age |
| 9:10 | Build | Farm |
| 9:12 | Build | Farm |
| 10:56 | Age | Feudal Age |
| 10:59 | Create | Villager (Male) |
| 11:00 | Research | Double-Bit Axe |
| 11:01 | Research | Double-Bit Axe |
| 11:06 | Build | Blacksmith |
| 11:09 | Build | Market |
| 11:16 | Research | Wheelbarrow |
| 11:26 | Create | Villager (Male) |
| 11:41 | Build | Farm |
| 11:57 | Research | Castle Age |
| 11:58 | Research | Castle Age |
| 12:01 | Research | Horse Collar |
| 12:01 | Research | Horse Collar |
| 12:19 | Build | Farm |
| 12:31 | Build | Farm |
| 13:51 | Create | Villager (Male) |
| 14:25 | Build | House |
| 14:25 | Build | House |
| 14:37 | Age | Castle Age |
| 14:39 | Create | Villager (Male) |
| 14:41 | Build | Town Center |
| 14:44 | Build | Farm |
| 14:45 | Build | Farm |
| 14:50 | Build | Town Center |
| 14:51 | Research | Bow Saw |
| 14:51 | Research | Bow Saw |
| 14:56 | Research | Heavy Plow |
| 14:56 | Research | Heavy Plow |
| 15:04 | Create | Villager (Male) |
| 15:10 | Build | Farm |
| 15:21 | Create | Villager (Male) |
| 15:30 | Create | Villager (Male) |
| 15:36 | Create | Villager (Male) |
| 15:42 | Create | Villager (Male) |
| 15:45 | Build | House |
| 15:46 | Build | House |
| 15:47 | Build | Palisade Wall |
| 15:51 | Build | House |
| 15:59 | Create | Villager (Male) |
| 15:59 | Create | Villager (Male) |
| 16:13 | Build | Siege Workshop |
| 16:14 | Build | Farm |
| 16:25 | Create | Villager (Male) |
| 16:26 | Create | Villager (Male) |
| 16:30 | Create | Villager (Male) |
| 16:31 | Create | Villager (Male) |
| 16:31 | Create | Villager (Male) |
| 16:32 | Build | Farm |
| 16:59 | Build | Farm |
| 17:03 | Build | Farm |
| 17:04 | Create | Villager (Male) |
| 17:04 | Create | Villager (Male) |
| 17:06 | Build | Farm |
| 17:17 | Build | Farm |
| 17:20 | Create | Villager (Male) |
| 17:20 | Create | Villager (Male) |
| 17:30 | Create | Villager (Male) |
| 17:30 | Create | Villager (Male) |
| 17:41 | Create | Mangonel |
| 17:49 | Create | Villager (Male) |
| 17:49 | Create | Villager (Male) |
| 18:00 | Create | Villager (Male) |
| 18:01 | Create | Villager (Male) |
| 18:04 | Create | Villager (Male) |
| 18:05 | Create | Villager (Male) |
| 18:17 | Build | Farm |
| 18:19 | Build | Farm |
| 18:21 | Build | Farm |
| 18:22 | Build | Farm |
| 18:22 | Build | Farm |
| 18:23 | Create | Villager (Male) |
| 18:29 | Create | Villager (Male) |
| 18:35 | Build | Farm |
| 18:36 | Build | Farm |
| 18:36 | Build | Farm |
| 18:36 | Build | Farm |
| 18:38 | Create | Villager (Male) |
| 18:47 | Build | Farm |
| 18:48 | Build | Farm |
| 18:51 | Build | Farm |
| 19:01 | Create | Villager (Male) |
| 19:02 | Create | Villager (Male) |
| 19:16 | Create | Villager (Male) |
| 19:22 | Create | Mangonel |
| 19:23 | Create | Villager (Male) |
| 19:29 | Research | Loom |
| 19:29 | Create | Villager (Male) |
| 19:49 | Create | Villager (Male) |
| 19:58 | Build | Lumber Camp |
| 20:04 | Create | Villager (Male) |
| 20:07 | Create | Villager (Male) |
| 20:38 | Create | Villager (Male) |
| 20:38 | Build | Farm |
| 20:41 | Create | Villager (Male) |
| 20:44 | Create | Villager (Male) ×5 |
| 20:44 | Create | Villager (Male) |
| 20:46 | Build | Farm |
| 20:56 | Build | House |
| 20:58 | Build | House |
| 20:59 | Build | House |
| 20:59 | Build | House |
| 21:05 | Build | House |
| 21:06 | Build | House |
| 21:06 | Build | House |
| 21:07 | Build | House |
| 21:29 | Create | Villager (Male) |
| 21:37 | Create | Villager (Male) |
Build order — Noa
First 150 of 554 actions detected
| 0:00 | Create | Villager (Male) |
| 0:00 | Create | Villager (Male) |
| 0:01 | Create | Villager (Male) |
| 0:02 | Build | House |
| 0:03 | Build | House |
| 0:19 | Create | Villager (Male) |
| 0:19 | Create | Villager (Male) |
| 1:37 | Create | Villager (Male) |
| 1:50 | Create | Villager (Male) |
| 1:50 | Create | Villager (Male) |
| 1:54 | Build | Lumber Camp |
| 2:22 | Create | Villager (Male) |
| 2:52 | Create | Villager (Male) |
| 2:52 | Create | Villager (Male) |
| 3:22 | Create | Villager (Male) |
| 3:23 | Create | Villager (Male) |
| 3:49 | Create | Villager (Male) |
| 3:49 | Create | Villager (Male) |
| 3:56 | Build | House |
| 4:11 | Create | Villager (Male) |
| 4:11 | Create | Villager (Male) |
| 4:19 | Build | House |
| 4:30 | Create | Villager (Male) |
| 4:31 | Create | Villager (Male) |
| 4:45 | Create | Villager (Male) |
| 4:45 | Create | Villager (Male) |
| 5:21 | Create | Villager (Male) |
| 5:22 | Create | Villager (Male) |
| 5:22 | Create | Villager (Male) |
| 5:45 | Create | Villager (Male) |
| 5:46 | Create | Villager (Male) |
| 5:46 | Create | Villager (Male) |
| 6:24 | Create | Villager (Male) |
| 6:54 | Build | Mill |
| 6:58 | Create | Villager (Male) |
| 7:37 | Create | Villager (Male) |
| 7:39 | Build | Mining Camp |
| 8:21 | Research | Feudal Age |
| 8:59 | Research | Loom |
| 9:20 | Build | Mill |
| 10:13 | Build | Barracks |
| 10:17 | Build | House |
| 10:30 | Create | Villager (Male) |
| 10:34 | Age | Feudal Age |
| 10:41 | Build | Blacksmith |
| 10:48 | Build | Market |
| 11:07 | Create | Villager (Male) |
| 11:08 | Create | Villager (Male) |
| 11:29 | Create | Militia |
| 11:33 | Research | Man-at-Arms (upgrade) |
| 11:33 | Create | Militia |
| 11:54 | Build | Farm |
| 11:56 | Build | Farm |
| 12:00 | Create | Villager (Male) |
| 12:06 | Create | Militia |
| 12:08 | Create | Militia |
| 12:10 | Build | House |
| 12:13 | Build | House |
| 12:17 | Create | Villager (Male) |
| 12:19 | Build | Farm |
| 12:26 | Build | Farm |
| 12:42 | Create | Militia |
| 12:51 | Create | Villager (Male) |
| 13:05 | Create | Villager (Male) |
| 13:08 | Build | Farm |
| 13:30 | Build | Farm |
| 13:57 | Build | House |
| 14:14 | Create | Villager (Male) |
| 14:14 | Create | Villager (Male) |
| 14:18 | Build | Farm |
| 14:33 | Research | Castle Age |
| 14:51 | Build | Farm |
| 14:55 | Research | Double-Bit Axe |
| 15:41 | Build | Farm |
| 15:43 | Build | Farm |
| 15:51 | Create | Militia |
| 15:51 | Create | Militia |
| 15:55 | Create | Spearman |
| 15:55 | Create | Spearman |
| 16:35 | Create | Spearman |
| 16:35 | Create | Spearman |
| 16:58 | Create | Villager (Male) |
| 16:59 | Create | Villager (Male) |
| 17:03 | Create | Spearman |
| 17:15 | Create | Villager (Male) |
| 17:19 | Age | Castle Age |
| 17:48 | Create | Villager (Male) |
| 17:48 | Create | Villager (Male) |
| 17:55 | Build | Town Center |
| 18:03 | Create | Villager (Male) |
| 18:16 | Build | Palisade Wall |
| 18:49 | Create | Villager (Male) |
| 18:49 | Create | Villager (Male) |
| 18:50 | Create | Villager (Male) |
| 18:50 | Create | Villager (Male) |
| 18:53 | Create | Villager (Male) |
| 18:53 | Create | Villager (Male) |
| 18:53 | Create | Villager (Male) |
| 19:17 | Build | Siege Workshop |
| 19:19 | Create | Villager (Male) |
| 19:21 | Create | Villager (Male) |
| 19:29 | Build | Barracks |
| 20:11 | Create | Villager (Male) |
| 20:11 | Create | Villager (Male) |
| 20:13 | Build | House |
| 20:22 | Create | Mangonel |
| 20:26 | Build | House |
| 20:34 | Create | Militia |
| 20:34 | Create | Militia |
| 20:37 | Research | Long Swordsman (upgrade) |
| 20:41 | Research | Forging |
| 20:44 | Create | Villager (Male) |
| 20:45 | Create | Villager (Male) |
| 20:47 | Create | Villager (Male) |
| 20:48 | Create | Villager (Male) |
| 20:48 | Create | Villager (Male) |
| 21:02 | Research | Squires |
| 21:13 | Create | Militia |
| 21:16 | Build | House |
| 21:42 | Create | Villager (Male) |
| 21:45 | Build | Farm |
| 21:47 | Build | Farm |
| 21:47 | Build | Farm |
| 21:52 | Build | Town Center |
| 21:59 | Create | Villager (Male) |
| 21:59 | Create | Villager (Male) |
| 22:44 | Build | Farm |
| 22:45 | Build | Farm |
| 22:45 | Build | Farm |
| 22:45 | Build | Farm |
| 22:45 | Build | Farm |
| 22:46 | Build | Farm |
| 22:52 | Create | Villager (Male) |
| 22:52 | Create | Villager (Male) |
| 22:53 | Create | Villager (Male) |
| 22:53 | Create | Villager (Male) |
| 22:54 | Create | Villager (Male) |
| 22:54 | Create | Villager (Male) |
| 22:54 | Create | Villager (Male) |
| 22:55 | Create | Villager (Male) |
| 22:55 | Create | Villager (Male) |
| 23:07 | Build | Farm |
| 23:08 | Build | Farm |
| 23:08 | Build | Farm |
| 23:08 | Build | Farm |
| 23:15 | Build | Farm |
| 23:15 | Build | Farm |
| 23:15 | Build | Farm |
| 23:16 | Build | Farm |
| 23:16 | Build | Farm |
Build order — Hayah
First 150 of 366 actions detected
| 0:02 | Build | House |
| 0:03 | Create | Villager (Male) ×4 |
| 0:03 | Create | Villager (Male) |
| 0:06 | Build | House |
| 0:10 | Build | House |
| 1:49 | Build | Lumber Camp |
| 1:54 | Create | Villager (Male) |
| 1:54 | Create | Villager (Male) |
| 1:55 | Create | Villager (Male) |
| 2:18 | Create | Villager (Male) |
| 2:50 | Create | Villager (Male) |
| 2:50 | Create | Villager (Male) |
| 3:03 | Create | Villager (Male) |
| 3:44 | Build | House |
| 3:47 | Create | Villager (Male) |
| 3:47 | Create | Villager (Male) |
| 4:11 | Build | Mill |
| 4:18 | Create | Villager (Male) |
| 4:18 | Create | Villager (Male) |
| 4:36 | Create | Villager (Male) |
| 4:36 | Create | Villager (Male) |
| 4:42 | Build | House |
| 4:47 | Create | Villager (Male) |
| 5:26 | Create | Villager (Male) |
| 5:26 | Create | Villager (Male) |
| 5:38 | Create | Villager (Male) |
| 6:06 | Create | Villager (Male) |
| 6:27 | Create | Villager (Male) |
| 6:27 | Create | Villager (Male) |
| 6:50 | Research | Loom |
| 7:33 | Research | Feudal Age |
| 7:35 | Research | Loom |
| 7:43 | Build | Barracks |
| 7:44 | Build | House |
| 8:36 | Build | Lumber Camp |
| 9:06 | Build | Mining Camp |
| 9:32 | Create | Villager (Male) |
| 9:44 | Age | Feudal Age |
| 9:54 | Build | Blacksmith |
| 10:34 | Create | Villager (Male) |
| 11:24 | Build | Market |
| 11:26 | Build | House |
| 11:32 | Create | Villager (Male) |
| 11:50 | Build | Farm |
| 11:55 | Create | Villager (Male) |
| 12:06 | Build | Farm |
| 12:50 | Research | Castle Age |
| 13:03 | Build | House |
| 13:09 | Build | Mining Camp |
| 13:55 | Research | Double-Bit Axe |
| 14:00 | Build | Farm |
| 14:03 | Build | Farm |
| 14:09 | Build | Farm |
| 14:20 | Build | Farm |
| 15:01 | Research | Horse Collar |
| 15:30 | Age | Castle Age |
| 15:32 | Create | Villager (Male) |
| 15:56 | Create | Villager (Male) |
| 17:00 | Build | Castle |
| 17:09 | Build | Monastery |
| 17:12 | Build | House |
| 17:12 | Build | House |
| 17:17 | Research | Padded Archer Armor |
| 17:25 | Build | Stable |
| 17:26 | Create | Villager (Male) ×2 |
| 17:26 | Create | Villager (Male) |
| 17:44 | Build | Farm |
| 17:45 | Create | Monk |
| 18:07 | Build | Farm |
| 18:12 | Create | Villager (Male) |
| 18:12 | Create | Villager (Male) |
| 18:23 | Build | Farm |
| 18:27 | Create | Conquistador |
| 18:50 | Build | Farm |
| 18:56 | Create | Conquistador |
| 19:22 | Create | Conquistador |
| 19:22 | Create | Conquistador |
| 19:32 | Create | Villager (Male) ×2 |
| 19:38 | Build | Farm |
| 19:41 | Create | Conquistador |
| 19:42 | Create | Conquistador |
| 19:55 | Create | Conquistador |
| 19:55 | Create | Conquistador |
| 20:13 | Create | Villager (Male) |
| 20:18 | Build | Farm |
| 20:20 | Create | Villager (Male) |
| 20:31 | Create | Villager (Male) |
| 20:40 | Create | Monk |
| 20:40 | Create | Monk |
| 21:01 | Create | Villager (Male) ×3 |
| 21:08 | Create | Villager (Male) |
| 21:51 | Create | Villager (Male) ×4 |
| 21:59 | Build | Town Center |
| 22:02 | Create | Villager (Male) |
| 22:30 | Build | Farm |
| 23:00 | Create | Conquistador ×3 |
| 23:00 | Create | Conquistador ×3 |
| 23:09 | Create | Villager (Male) |
| 23:18 | Create | Villager (Male) |
| 24:12 | Create | Villager (Male) ×4 |
| 24:20 | Build | Town Center |
| 24:22 | Create | Villager (Male) |
| 24:25 | Build | Farm |
| 24:25 | Build | Farm |
| 24:26 | Build | Farm |
| 24:26 | Build | Farm |
| 24:41 | Create | Conquistador |
| 25:00 | Create | Monk |
| 25:00 | Create | Monk |
| 25:07 | Create | Missionary |
| 25:08 | Create | Missionary |
| 25:23 | Build | Farm |
| 25:25 | Build | Farm |
| 25:25 | Build | Farm |
| 25:25 | Build | Farm |
| 25:26 | Build | Farm |
| 25:26 | Build | Farm |
| 26:29 | Research | Fervor |
| 26:30 | Research | Sanctity |
| 26:32 | Create | Villager (Male) ×5 |
| 26:34 | Create | Villager (Male) ×5 |
| 26:36 | Build | House |
| 26:37 | Build | House |
| 26:37 | Build | House |
| 26:37 | Build | House |
| 26:37 | Build | House |
| 26:37 | Build | House |
| 26:38 | Build | House |
| 26:38 | Build | House |
| 26:39 | Build | House |
| 26:39 | Build | House |
| 26:44 | Create | Conquistador |
| 27:28 | Create | Villager (Male) ×5 |
| 27:41 | Build | Town Center |
| 27:42 | Create | Villager (Male) ×3 |
| 27:55 | Create | Villager (Male) |
| 29:12 | Build | Farm |
| 29:14 | Build | Farm |
| 29:15 | Create | Villager (Male) ×5 |
| 29:20 | Build | Farm |
| 29:22 | Research | Wheelbarrow |
| 29:26 | Build | Lumber Camp |
| 29:30 | Research | Bow Saw |
| 29:30 | Research | Bow Saw |
| 29:33 | Create | Villager (Male) |
| 29:36 | Build | Farm |
| 30:03 | Build | Farm |
| 30:11 | Build | University |
| 30:34 | Research | Husbandry |
| 30:35 | Research | Bloodlines |
Build order — 99_rocketahip
First 150 of 450 actions detected
| 0:01 | Create | Villager (Male) |
| 0:01 | Create | Villager (Male) |
| 0:02 | Build | House |
| 0:04 | Build | House |
| 0:29 | Create | Villager (Male) |
| 0:29 | Create | Villager (Male) |
| 0:29 | Create | Villager (Male) |
| 1:23 | Create | Villager (Male) |
| 2:00 | Create | Villager (Male) |
| 2:00 | Create | Villager (Male) |
| 2:25 | Build | Lumber Camp |
| 2:27 | Create | Villager (Male) |
| 2:28 | Create | Villager (Male) |
| 3:03 | Create | Villager (Male) |
| 3:03 | Create | Villager (Male) |
| 3:54 | Build | House |
| 4:06 | Create | Villager (Male) |
| 4:24 | Create | Villager (Male) |
| 5:02 | Create | Villager (Male) |
| 5:02 | Create | Villager (Male) |
| 5:17 | Create | Villager (Male) |
| 5:17 | Create | Villager (Male) |
| 5:58 | Create | Villager (Male) |
| 5:58 | Create | Villager (Male) |
| 6:23 | Build | House |
| 7:03 | Build | Mill |
| 7:33 | Create | Villager (Male) |
| 7:34 | Create | Villager (Male) |
| 8:03 | Create | Villager (Male) |
| 8:21 | Create | Villager (Male) |
| 8:25 | Research | Feudal Age |
| 8:29 | Build | Mining Camp |
| 9:52 | Create | Villager (Male) |
| 9:52 | Create | Villager (Male) |
| 10:05 | Build | House |
| 10:10 | Build | Farm |
| 10:14 | Build | Farm |
| 10:16 | Build | Farm |
| 11:23 | Age | Feudal Age |
| 11:25 | Build | Market |
| 11:27 | Build | Blacksmith |
| 11:58 | Build | Farm |
| 11:58 | Build | Farm |
| 11:59 | Build | Farm |
| 11:59 | Build | Farm |
| 11:59 | Build | Farm |
| 12:08 | Build | Farm |
| 12:17 | Research | Castle Age |
| 12:39 | Build | Farm |
| 13:02 | Research | Double-Bit Axe |
| 13:06 | Build | House |
| 14:01 | Research | Horse Collar |
| 14:57 | Age | Castle Age |
| 15:05 | Create | Villager (Male) |
| 15:12 | Build | Town Center |
| 15:16 | Create | Villager (Male) |
| 15:30 | Build | Town Center |
| 15:44 | Create | Villager (Male) |
| 16:02 | Create | Villager (Male) |
| 16:24 | Research | Bow Saw |
| 16:37 | Create | Villager (Male) |
| 16:38 | Create | Villager (Male) |
| 16:45 | Create | Villager (Male) |
| 16:48 | Build | Farm |
| 16:52 | Create | Villager (Male) |
| 16:52 | Create | Villager (Male) |
| 16:53 | Create | Villager (Male) |
| 17:05 | Build | Farm |
| 17:14 | Build | Farm |
| 17:16 | Create | Villager (Male) |
| 17:24 | Create | Villager (Male) |
| 17:37 | Create | Villager (Male) |
| 17:37 | Create | Villager (Male) |
| 17:44 | Build | Farm |
| 17:46 | Build | Farm |
| 17:47 | Build | Farm |
| 17:49 | Build | House |
| 17:55 | Create | Villager (Male) |
| 17:55 | Create | Villager (Male) |
| 18:07 | Create | Villager (Male) |
| 18:28 | Create | Villager (Male) |
| 18:31 | Create | Villager (Male) |
| 18:37 | Build | Farm |
| 18:38 | Build | Farm |
| 18:38 | Build | Farm |
| 18:38 | Build | Farm |
| 18:39 | Build | Farm |
| 18:54 | Create | Villager (Male) |
| 19:01 | Create | Villager (Male) |
| 19:01 | Create | Villager (Male) |
| 19:05 | Build | House |
| 19:10 | Create | Villager (Male) |
| 19:22 | Create | Villager (Male) |
| 19:35 | Create | Villager (Male) |
| 19:35 | Create | Villager (Male) |
| 19:44 | Create | Villager (Male) |
| 19:44 | Create | Villager (Male) |
| 19:47 | Build | Farm |
| 19:49 | Build | Farm |
| 19:54 | Build | Farm |
| 19:55 | Build | Farm |
| 19:58 | Create | Villager (Male) |
| 19:58 | Create | Villager (Male) |
| 20:13 | Create | Villager (Male) |
| 20:14 | Create | Villager (Male) |
| 20:17 | Build | House |
| 20:25 | Build | University |
| 20:30 | Build | Monastery |
| 20:37 | Build | House |
| 20:38 | Build | House |
| 20:38 | Build | House |
| 20:39 | Build | House |
| 20:41 | Create | Villager (Male) |
| 20:49 | Build | Mill |
| 20:50 | Build | Farm |
| 20:50 | Build | Farm |
| 20:51 | Build | Farm |
| 20:51 | Build | Farm |
| 20:51 | Build | Farm |
| 20:55 | Create | Villager (Male) |
| 20:55 | Create | Villager (Male) |
| 21:07 | Create | Villager (Male) |
| 21:07 | Create | Villager (Male) |
| 21:25 | Build | Mining Camp |
| 21:40 | Create | Villager (Male) |
| 21:41 | Create | Villager (Male) |
| 21:42 | Create | Villager (Male) |
| 22:03 | Create | Villager (Male) |
| 22:12 | Create | Villager (Male) |
| 22:16 | Build | Farm |
| 22:16 | Build | Farm |
| 22:16 | Build | Farm |
| 22:17 | Build | Farm |
| 22:17 | Build | Farm |
| 22:23 | Create | Villager (Male) |
| 22:24 | Create | Villager (Male) |
| 22:31 | Build | House |
| 22:32 | Build | House |
| 22:32 | Build | House |
| 22:34 | Build | House |
| 22:46 | Build | Farm |
| 22:55 | Research | Imperial Age |
| 23:02 | Create | Villager (Male) |
| 23:18 | Create | Villager (Male) |
| 23:43 | Build | Siege Workshop |
| 23:45 | Build | Siege Workshop |
| 23:51 | Research | Chemistry |
| 24:06 | Research | Scale Mail Armor |
| 24:13 | Build | Barracks |
| 24:29 | Research | Wheelbarrow |
Build order — Tutu®
First 150 of 533 actions detected
| 0:01 | Create | Villager (Male) |
| 0:01 | Create | Villager (Male) |
| 0:04 | Build | House |
| 0:06 | Build | House |
| 0:24 | Create | Villager (Male) ×3 |
| 1:23 | Create | Villager (Male) |
| 1:23 | Create | Villager (Male) |
| 2:05 | Build | House |
| 2:10 | Build | Lumber Camp |
| 2:17 | Build | Lumber Camp |
| 2:18 | Create | Villager (Male) |
| 2:24 | Create | Villager (Male) |
| 2:25 | Create | Villager (Male) |
| 2:25 | Create | Villager (Male) |
| 2:43 | Build | House |
| 2:45 | Build | House |
| 3:09 | Create | Villager (Male) |
| 3:54 | Create | Villager (Male) |
| 3:54 | Create | Villager (Male) |
| 4:10 | Create | Villager (Male) |
| 4:11 | Create | Villager (Male) |
| 4:11 | Create | Villager (Male) |
| 4:24 | Build | Mill |
| 4:38 | Create | Villager (Male) |
| 4:51 | Create | Villager (Male) |
| 4:51 | Create | Villager (Male) |
| 5:23 | Build | House |
| 5:33 | Create | Villager (Male) |
| 5:33 | Create | Villager (Male) |
| 5:34 | Create | Villager (Male) |
| 5:44 | Create | Villager (Male) |
| 5:44 | Create | Villager (Male) |
| 6:13 | Create | Villager (Male) |
| 6:31 | Create | Villager (Male) |
| 7:00 | Create | Villager (Male) |
| 8:07 | Build | Farm |
| 8:08 | Build | Farm |
| 8:09 | Build | Farm |
| 8:10 | Build | Farm |
| 8:19 | Research | Feudal Age |
| 8:26 | Build | Mining Camp |
| 9:41 | Create | Villager (Male) |
| 9:41 | Create | Villager (Male) |
| 10:25 | Age | Feudal Age |
| 10:47 | Build | Blacksmith |
| 10:50 | Build | Market |
| 11:03 | Build | Stone Wall |
| 11:06 | Build | Stone Wall |
| 11:20 | Research | Loom |
| 11:56 | Research | Castle Age |
| 11:57 | Research | Castle Age |
| 12:00 | Build | Mining Camp |
| 12:48 | Build | Watch Tower |
| 12:59 | Research | Double-Bit Axe |
| 13:00 | Research | Horse Collar |
| 13:46 | Research | Fletching |
| 13:46 | Research | Fletching |
| 14:12 | Create | Villager (Male) |
| 14:22 | Age | Castle Age |
| 14:26 | Research | Bodkin Arrow |
| 14:26 | Research | Bodkin Arrow |
| 14:57 | Create | Villager (Male) |
| 15:09 | Build | University |
| 15:10 | Create | Villager (Male) |
| 15:25 | Create | Villager (Male) |
| 15:56 | Create | Villager (Male) |
| 16:07 | Build | Farm |
| 16:11 | Build | Farm |
| 16:12 | Build | Farm |
| 16:15 | Create | Villager (Male) |
| 16:28 | Build | Mining Camp |
| 16:29 | Create | Villager (Male) |
| 16:32 | Build | House |
| 16:34 | Create | Villager (Male) |
| 17:06 | Create | Villager (Male) |
| 17:16 | Build | House |
| 17:17 | Build | House |
| 17:56 | Create | Villager (Male) |
| 17:58 | Create | Villager (Male) |
| 18:10 | Research | Guard Tower (upgrade) |
| 18:10 | Research | Guard Tower (upgrade) |
| 18:17 | Build | House |
| 18:19 | Create | Villager (Male) |
| 18:39 | Create | Villager (Male) |
| 19:05 | Create | Villager (Male) |
| 19:20 | Build | House |
| 19:45 | Create | Villager (Male) |
| 19:47 | Build | House |
| 20:02 | Build | Castle |
| 20:12 | Create | Villager (Male) |
| 20:20 | Build | House |
| 20:35 | Build | Farm |
| 20:36 | Build | Farm |
| 20:39 | Build | Farm |
| 20:41 | Create | Villager (Male) |
| 20:51 | Build | House |
| 21:11 | Build | Town Center |
| 21:13 | Create | Villager (Male) |
| 21:13 | Create | Villager (Male) |
| 21:22 | Build | House |
| 21:22 | Build | House |
| 21:23 | Build | House |
| 21:32 | Create | Villager (Male) |
| 21:33 | Create | Villager (Male) |
| 21:53 | Build | House |
| 21:57 | Create | Villager (Male) |
| 22:14 | Build | Farm |
| 22:18 | Build | Farm |
| 22:19 | Build | Farm |
| 22:30 | Build | House |
| 22:31 | Build | House |
| 22:39 | Create | Villager (Male) |
| 22:40 | Create | Villager (Male) |
| 23:03 | Build | Barracks |
| 23:06 | Build | House |
| 23:08 | Create | Villager (Male) |
| 23:08 | Create | Villager (Male) |
| 23:12 | Create | Villager (Male) |
| 23:12 | Create | Villager (Male) |
| 23:20 | Build | Farm |
| 23:26 | Build | House |
| 23:27 | Build | House |
| 23:27 | Build | House |
| 23:28 | Build | House |
| 23:29 | Create | Villager (Male) |
| 23:29 | Create | Villager (Male) |
| 23:32 | Build | Farm |
| 23:33 | Build | Farm |
| 23:33 | Build | Farm |
| 23:48 | Build | Farm |
| 24:04 | Create | Villager (Male) |
| 24:22 | Create | Villager (Male) |
| 24:24 | Create | Villager (Male) |
| 24:24 | Create | Villager (Male) |
| 24:30 | Build | Stable |
| 24:42 | Build | Siege Workshop |
| 24:43 | Create | Villager (Male) |
| 24:44 | Create | Villager (Male) |
| 24:56 | Build | Stone Wall |
| 24:57 | Build | Gate |
| 24:59 | Build | Stone Wall |
| 25:00 | Build | Gate |
| 25:22 | Research | Murder Holes |
| 25:22 | Research | Murder Holes |
| 25:54 | Create | Villager (Male) |
| 25:54 | Create | Villager (Male) |
| 26:15 | Build | Town Center |
| 26:26 | Create | Spearman |
| 26:26 | Create | Spearman |
| 26:49 | Create | Villager (Male) |
Build order — Lord Snow
First 150 of 527 actions detected
| 0:00 | Create | Villager (Male) |
| 0:01 | Create | Villager (Male) |
| 0:01 | Create | Villager (Male) |
| 0:04 | Build | House |
| 0:06 | Build | House |
| 0:28 | Create | Villager (Male) |
| 1:36 | Create | Villager (Male) |
| 1:37 | Create | Villager (Male) |
| 1:37 | Create | Villager (Male) |
| 1:50 | Build | Lumber Camp |
| 1:56 | Build | Lumber Camp |
| 2:28 | Create | Villager (Male) |
| 2:29 | Create | Villager (Male) |
| 3:24 | Create | Villager (Male) |
| 3:24 | Create | Villager (Male) |
| 3:25 | Create | Villager (Male) |
| 3:45 | Build | House |
| 3:46 | Build | House |
| 3:55 | Create | Villager (Male) |
| 4:05 | Create | Villager (Male) |
| 4:14 | Create | Villager (Male) |
| 5:01 | Create | Villager (Male) |
| 5:12 | Build | Mining Camp |
| 5:25 | Create | Villager (Male) |
| 6:03 | Create | Villager (Male) |
| 6:05 | Research | Loom |
| 6:50 | Research | Feudal Age |
| 7:45 | Create | Villager (Male) |
| 7:46 | Create | Villager (Male) |
| 8:14 | Create | Villager (Male) |
| 9:19 | Age | Feudal Age |
| 9:20 | Research | Double-Bit Axe |
| 9:20 | Research | Double-Bit Axe |
| 9:20 | Research | Double-Bit Axe |
| 9:27 | Build | Watch Tower |
| 9:40 | Build | Mill |
| 9:46 | Build | House |
| 9:50 | Build | House |
| 9:58 | Create | Villager (Male) |
| 10:34 | Create | Villager (Male) |
| 10:52 | Create | Villager (Male) |
| 11:19 | Create | Villager (Male) |
| 11:35 | Research | Horse Collar |
| 11:55 | Build | Watch Tower |
| 11:56 | Create | Villager (Male) |
| 11:57 | Create | Villager (Male) |
| 12:18 | Build | Watch Tower |
| 12:21 | Create | Villager (Male) |
| 12:26 | Build | Farm |
| 12:29 | Build | Farm |
| 12:33 | Build | Farm |
| 12:39 | Build | Farm |
| 12:41 | Build | Farm |
| 12:44 | Create | Villager (Male) |
| 13:00 | Create | Villager (Male) |
| 13:20 | Build | Farm |
| 13:23 | Build | Farm |
| 13:53 | Create | Villager (Male) |
| 14:19 | Create | Villager (Male) |
| 14:51 | Create | Villager (Male) |
| 15:06 | Build | Market |
| 15:10 | Build | Blacksmith |
| 15:13 | Create | Villager (Male) |
| 15:53 | Create | Villager (Male) |
| 16:02 | Create | Villager (Male) |
| 16:21 | Research | Castle Age |
| 16:59 | Research | Fletching |
| 17:33 | Create | Villager (Male) |
| 17:48 | Create | Villager (Male) |
| 17:54 | Build | Farm |
| 18:40 | Create | Villager (Male) |
| 19:01 | Age | Castle Age |
| 19:06 | Build | Castle |
| 19:31 | Build | Mining Camp |
| 19:33 | Create | Villager (Male) |
| 19:43 | Build | Mill |
| 19:43 | Build | Farm |
| 19:44 | Build | Farm |
| 19:44 | Build | Farm |
| 19:44 | Build | Farm |
| 19:44 | Build | Farm |
| 19:44 | Build | Farm |
| 19:45 | Build | Farm |
| 19:46 | Build | Farm |
| 19:50 | Research | Heavy Plow |
| 19:51 | Create | Villager (Male) |
| 20:27 | Create | Villager (Male) |
| 21:04 | Create | Villager (Male) |
| 21:27 | Build | Siege Workshop |
| 21:29 | Create | Villager (Male) |
| 21:33 | Research | Scale Mail Armor |
| 21:38 | Create | Obuch ×5 |
| 21:38 | Create | Obuch ×5 |
| 21:44 | Create | Villager (Male) |
| 21:54 | Build | Mining Camp |
| 21:57 | Create | Villager (Male) |
| 22:20 | Create | Battering Ram |
| 22:25 | Create | Villager (Male) |
| 22:40 | Create | Battering Ram |
| 22:46 | Create | Villager (Male) |
| 23:03 | Create | Villager (Male) |
| 23:08 | Research | Chain Mail Armor |
| 23:11 | Create | Obuch ×3 |
| 23:21 | Create | Battering Ram |
| 23:21 | Create | Battering Ram |
| 23:25 | Create | Villager (Male) |
| 23:52 | Create | Battering Ram |
| 23:52 | Create | Battering Ram |
| 23:59 | Create | Villager (Male) |
| 24:04 | Create | Obuch ×3 |
| 24:23 | Create | Villager (Male) |
| 24:32 | Build | House |
| 24:34 | Build | House |
| 24:34 | Build | House |
| 24:34 | Build | House |
| 24:34 | Build | House |
| 24:35 | Build | House |
| 25:23 | Create | Villager (Male) |
| 25:24 | Create | Villager (Male) |
| 25:44 | Create | Obuch ×5 |
| 25:44 | Create | Obuch ×5 |
| 26:04 | Create | Villager (Male) |
| 26:04 | Create | Villager (Male) |
| 26:20 | Create | Villager (Male) |
| 27:34 | Research | Imperial Age |
| 27:51 | Create | Villager (Male) |
| 28:04 | Create | Obuch ×3 |
| 28:04 | Create | Obuch ×3 |
| 28:36 | Create | Villager (Male) |
| 28:36 | Create | Villager (Male) |
| 29:24 | Create | Villager (Male) |
| 29:33 | Research | Szlachta Privileges |
| 29:51 | Create | Villager (Male) |
| 29:56 | Build | Barracks |
| 30:02 | Build | Mill |
| 30:04 | Build | Farm |
| 30:04 | Build | Farm |
| 30:04 | Build | Farm |
| 30:04 | Build | Farm |
| 30:04 | Build | Farm |
| 30:05 | Build | Farm |
| 30:05 | Build | Farm |
| 30:33 | Build | Lumber Camp |
| 30:35 | Research | Scale Barding Armor |
| 30:36 | Research | Forging |
| 30:52 | Build | House |
| 30:52 | Age | Imperial Age |
| 30:53 | Build | House |
| 30:54 | Build | House |
| 31:03 | Build | Stable |
Build order — Egbert
First 150 of 435 actions detected
| 0:01 | Create | Villager (Male) |
| 0:01 | Create | Villager (Male) |
| 0:03 | Build | House |
| 0:04 | Build | House |
| 0:11 | Create | Villager (Male) |
| 0:14 | Create | Villager (Male) |
| 1:12 | Create | Villager (Male) |
| 1:54 | Create | Villager (Male) |
| 1:54 | Create | Villager (Male) |
| 2:23 | Create | Villager (Male) |
| 2:23 | Create | Villager (Male) |
| 2:56 | Create | Villager (Male) |
| 3:11 | Create | Villager (Male) |
| 3:20 | Create | Villager (Male) |
| 3:21 | Create | Villager (Male) |
| 3:39 | Create | Villager (Male) |
| 3:49 | Build | House |
| 3:55 | Create | Villager (Male) |
| 4:04 | Build | Mill |
| 4:12 | Create | Villager (Male) |
| 4:29 | Create | Villager (Male) |
| 4:52 | Create | Villager (Male) |
| 5:02 | Create | Villager (Male) |
| 5:05 | Build | House |
| 5:20 | Build | House |
| 5:55 | Create | Villager (Male) |
| 5:57 | Create | Villager (Male) |
| 6:27 | Create | Villager (Male) |
| 6:47 | Create | Villager (Male) |
| 7:13 | Create | Villager (Male) |
| 7:21 | Build | Farm |
| 7:39 | Research | Feudal Age |
| 7:40 | Research | Feudal Age |
| 8:28 | Build | Farm |
| 9:49 | Age | Feudal Age |
| 9:53 | Build | Market |
| 9:56 | Build | Blacksmith |
| 10:02 | Create | Villager (Male) |
| 10:03 | Create | Villager (Male) |
| 10:46 | Build | House |
| 11:05 | Research | Castle Age |
| 11:05 | Research | Castle Age |
| 11:23 | Build | House |
| 11:52 | Build | Farm |
| 11:56 | Build | Farm |
| 12:02 | Build | Mule Cart |
| 12:06 | Create | Villager (Male) |
| 12:11 | Research | Double-Bit Axe |
| 12:12 | Research | Double-Bit Axe |
| 13:13 | Create | Villager (Male) |
| 13:45 | Age | Castle Age |
| 13:53 | Build | Monastery |
| 13:57 | Build | Siege Workshop |
| 13:59 | Create | Villager (Male) |
| 14:00 | Create | Villager (Male) |
| 14:06 | Create | Villager (Male) |
| 14:23 | Create | Villager (Male) |
| 14:24 | Research | Bow Saw |
| 14:59 | Create | Mangonel |
| 15:05 | Create | Monk |
| 15:12 | Create | Villager (Male) |
| 15:14 | Create | Villager (Male) |
| 15:43 | Create | Villager (Male) |
| 15:46 | Build | Farm |
| 16:13 | Create | Villager (Male) |
| 16:17 | Build | House |
| 16:19 | Build | House |
| 16:20 | Create | Villager (Male) |
| 16:43 | Create | Monk |
| 16:55 | Create | Villager (Male) |
| 16:58 | Build | Farm |
| 17:04 | Create | Monk |
| 17:10 | Create | Battering Ram |
| 17:18 | Build | Farm |
| 17:18 | Create | Villager (Male) |
| 18:15 | Create | Villager (Male) |
| 18:19 | Create | Monk |
| 18:24 | Build | Monastery |
| 19:00 | Create | Monk |
| 19:03 | Create | Villager (Male) |
| 19:06 | Build | Farm |
| 19:06 | Build | Farm |
| 19:06 | Build | Farm |
| 19:07 | Build | Farm |
| 19:07 | Build | Farm |
| 19:57 | Create | Monk |
| 20:11 | Create | Villager (Male) |
| 20:11 | Create | Villager (Male) |
| 20:14 | Build | Farm |
| 20:14 | Build | Farm |
| 20:14 | Build | Farm |
| 20:14 | Build | Farm |
| 20:15 | Build | Farm |
| 20:15 | Build | Farm |
| 21:04 | Research | Redemption |
| 21:04 | Research | Redemption |
| 21:17 | Create | Villager (Male) |
| 21:18 | Create | Villager (Male) |
| 21:18 | Create | Villager (Male) |
| 21:18 | Create | Villager (Male) |
| 21:23 | Create | Villager (Male) |
| 21:24 | Create | Villager (Male) |
| 21:24 | Create | Villager (Male) |
| 21:39 | Create | Battering Ram |
| 22:25 | Create | Monk |
| 22:33 | Create | Villager (Male) |
| 22:34 | Create | Villager (Male) |
| 22:40 | Build | Monastery |
| 23:09 | Create | Monk |
| 23:34 | Create | Villager (Male) |
| 23:34 | Create | Villager (Male) |
| 23:50 | Build | Town Center |
| 23:51 | Create | Villager (Male) |
| 23:51 | Create | Villager (Male) |
| 23:56 | Create | Monk |
| 23:57 | Create | Monk |
| 24:02 | Build | House |
| 24:12 | Build | House |
| 24:12 | Build | House |
| 24:12 | Build | House |
| 24:12 | Build | House |
| 24:19 | Create | Battering Ram |
| 24:35 | Create | Villager (Male) |
| 24:36 | Create | Villager (Male) |
| 24:39 | Build | House |
| 24:56 | Build | Town Center |
| 25:11 | Create | Villager (Male) |
| 25:11 | Create | Villager (Male) |
| 25:12 | Create | Villager (Male) |
| 25:12 | Create | Villager (Male) |
| 25:25 | Build | Town Center |
| 26:10 | Create | Villager (Male) |
| 26:10 | Create | Villager (Male) |
| 26:16 | Create | Villager (Male) |
| 26:16 | Create | Villager (Male) |
| 26:18 | Research | Loom |
| 26:18 | Create | Villager (Male) |
| 27:00 | Create | Monk |
| 27:03 | Create | Villager (Male) |
| 27:03 | Create | Villager (Male) |
| 27:03 | Create | Villager (Male) |
| 27:04 | Create | Villager (Male) |
| 27:04 | Create | Villager (Male) |
| 27:13 | Build | House |
| 27:21 | Create | Villager (Male) |
| 27:21 | Create | Villager (Male) |
| 27:36 | Create | Villager (Male) |
| 27:37 | Create | Villager (Male) |
| 27:39 | Create | Villager (Male) |
| 27:39 | Create | Villager (Male) |
Build order — Explorer
First 150 of 497 actions detected
| 0:02 | Create | Villager (Male) |
| 0:03 | Create | Villager (Male) |
| 0:03 | Create | Villager (Male) |
| 0:03 | Create | Villager (Male) |
| 0:06 | Build | House |
| 0:11 | Build | House |
| 1:29 | Create | Villager (Male) |
| 1:29 | Create | Villager (Male) |
| 1:55 | Build | Lumber Camp |
| 2:00 | Create | Villager (Male) |
| 2:00 | Create | Villager (Male) |
| 2:01 | Create | Villager (Male) |
| 2:30 | Create | Villager (Male) |
| 2:30 | Create | Villager (Male) |
| 2:30 | Create | Villager (Male) |
| 2:59 | Create | Villager (Male) |
| 2:59 | Create | Villager (Male) |
| 3:00 | Create | Villager (Male) |
| 3:17 | Create | Villager (Male) |
| 3:17 | Create | Villager (Male) |
| 3:50 | Build | House |
| 4:09 | Build | Mill |
| 4:11 | Create | Villager (Male) |
| 4:11 | Create | Villager (Male) |
| 4:11 | Create | Villager (Male) |
| 5:11 | Create | Villager (Male) |
| 5:11 | Create | Villager (Male) |
| 5:12 | Create | Villager (Male) |
| 5:12 | Create | Villager (Male) |
| 6:13 | Create | Villager (Male) |
| 6:13 | Create | Villager (Male) |
| 6:13 | Create | Villager (Male) |
| 6:40 | Build | House |
| 6:54 | Create | Villager (Male) |
| 6:54 | Create | Villager (Male) |
| 6:54 | Create | Villager (Male) |
| 6:54 | Create | Villager (Male) |
| 6:55 | Create | Villager (Male) |
| 6:55 | Create | Villager (Male) |
| 7:31 | Build | Lumber Camp |
| 8:40 | Build | Mining Camp |
| 9:01 | Research | Feudal Age |
| 9:02 | Research | Feudal Age |
| 9:40 | Create | Villager (Male) |
| 9:40 | Create | Villager (Male) |
| 9:40 | Create | Villager (Male) |
| 9:40 | Create | Villager (Male) |
| 9:52 | Build | Barracks |
| 10:03 | Build | House |
| 10:21 | Research | Loom |
| 10:23 | Create | Villager (Male) |
| 10:24 | Create | Villager (Male) |
| 11:11 | Age | Feudal Age |
| 11:26 | Build | House |
| 11:38 | Research | Double-Bit Axe |
| 11:57 | Build | Archery Range |
| 12:07 | Build | Archery Range |
| 12:20 | Build | Farm |
| 12:29 | Build | Farm |
| 12:34 | Create | Villager (Male) |
| 12:35 | Create | Villager (Male) |
| 12:35 | Create | Villager (Male) |
| 13:02 | Build | Farm |
| 13:08 | Create | Archer |
| 13:08 | Create | Archer |
| 13:08 | Create | Archer |
| 13:09 | Create | Archer |
| 13:14 | Create | Archer |
| 13:14 | Create | Archer |
| 13:15 | Create | Archer |
| 13:21 | Build | Farm |
| 13:35 | Build | Farm |
| 13:54 | Build | Farm |
| 14:06 | Create | Villager (Male) |
| 14:06 | Create | Villager (Male) |
| 14:20 | Build | Farm |
| 14:37 | Build | House |
| 14:43 | Create | Villager (Male) |
| 14:44 | Create | Villager (Male) |
| 14:44 | Create | Villager (Male) |
| 14:48 | Create | Archer |
| 14:48 | Create | Archer |
| 14:48 | Create | Archer |
| 15:03 | Build | House |
| 15:17 | Create | Archer |
| 15:17 | Create | Archer |
| 15:17 | Create | Archer |
| 15:28 | Create | Villager (Male) |
| 15:28 | Create | Villager (Male) |
| 15:44 | Build | House |
| 15:56 | Create | Archer |
| 15:56 | Create | Archer |
| 15:56 | Create | Archer |
| 16:37 | Build | Blacksmith |
| 16:48 | Create | Archer |
| 16:49 | Create | Archer |
| 16:49 | Create | Archer |
| 16:49 | Create | Archer |
| 17:25 | Research | Fletching |
| 19:02 | Create | Archer |
| 19:02 | Create | Archer |
| 19:02 | Create | Archer |
| 19:03 | Create | Archer |
| 19:03 | Create | Archer |
| 19:03 | Create | Archer |
| 19:14 | Build | Farm |
| 19:15 | Build | Farm |
| 19:15 | Build | Farm |
| 19:15 | Build | Farm |
| 19:22 | Create | Villager (Male) |
| 19:22 | Create | Villager (Male) |
| 19:23 | Create | Villager (Male) |
| 19:38 | Create | Archer |
| 19:38 | Create | Archer |
| 19:38 | Create | Archer |
| 19:38 | Create | Archer |
| 19:46 | Create | Villager (Male) |
| 19:46 | Create | Villager (Male) |
| 19:56 | Research | Gold Mining |
| 20:00 | Research | Horse Collar |
| 21:02 | Create | Archer |
| 21:03 | Create | Archer |
| 21:03 | Create | Archer |
| 21:03 | Create | Archer |
| 21:29 | Create | Archer |
| 21:29 | Create | Archer |
| 21:29 | Create | Archer |
| 21:37 | Build | House |
| 21:39 | Build | House |
| 21:47 | Research | Wheelbarrow |
| 21:54 | Create | Villager (Male) |
| 21:54 | Create | Villager (Male) |
| 21:54 | Create | Villager (Male) |
| 22:01 | Build | Farm |
| 22:02 | Build | Farm |
| 22:02 | Build | Farm |
| 22:02 | Build | Farm |
| 22:02 | Build | Farm |
| 22:03 | Build | Farm |
| 22:03 | Build | Farm |
| 22:03 | Build | Farm |
| 22:04 | Build | Farm |
| 22:14 | Create | Archer |
| 22:14 | Create | Archer |
| 22:15 | Create | Archer |
| 22:15 | Create | Archer |
| 22:25 | Create | Archer |
| 22:46 | Build | Market |
| 23:11 | Create | Archer |
| 23:11 | Create | Archer |
Match timeline
| 7:43 | Hayah · first_building Barracks |
| 9:19 | Lord Snow · age_up feudal |
| 9:44 | Hayah · age_up feudal |
| 9:49 | Egbert · age_up feudal |
| 9:52 | Explorer · first_building Barracks |
| 10:13 | Noa · first_building Barracks |
| 10:25 | Tutu® · age_up feudal |
| 10:34 | Noa · age_up feudal |
| 10:56 | VIT | Hera · age_up feudal |
| 11:01 | Egbert · first_market_buy 100 food |
| 11:02 | Egbert · first_market_sell 100 stone |
| 11:03 | Tutu® · wall_segment Stone Wall x8 |
| 11:06 | Tutu® · wall_segment Stone Wall x9 |
| 11:11 | Explorer · age_up feudal |
| 11:23 | 99_rocketahip · age_up feudal |
| 11:56 | Tutu® · first_market_sell 100 wood |
| 11:57 | Explorer · first_building Archery Range |
| 13:45 | Egbert · age_up castle |
| 13:53 | Egbert · first_building Monastery |
| 13:57 | Egbert · first_building Siege Workshop |
| 14:22 | Tutu® · age_up castle |
| 14:37 | VIT | Hera · age_up castle |
| 14:55 | VIT | Hera · first_market_buy 100 wood |
| 14:57 | 99_rocketahip · age_up castle |
| 15:19 | 99_rocketahip · first_market_sell 100 food |
| 15:19 | Hayah · first_market_sell 100 wood |
| 15:20 | Hayah · first_market_buy 100 stone |
| 15:20 | 99_rocketahip · first_market_buy 100 wood |
| 15:30 | Hayah · age_up castle |
| 15:47 | VIT | Hera · wall_segment Palisade Wall x1 |
| 16:13 | VIT | Hera · first_building Siege Workshop |
| 17:00 | Hayah · first_building Castle |
| 17:09 | Hayah · first_building Monastery |
| 17:19 | Noa · age_up castle |
| 17:25 | Hayah · first_building Stable |
| 17:41 | VIT | Hera · first_market_sell 100 wood |
| 17:46 | Lord Snow · first_market_sell 100 wood |
| 17:47 | Lord Snow · first_market_buy 100 stone |
| 17:59 | Noa · first_market_buy 100 wood |
| 18:08 | Tutu® · first_market_buy 100 food |
| 18:16 | Noa · wall_segment Palisade Wall x5 |
| 19:01 | Lord Snow · age_up castle |
| 19:06 | Lord Snow · first_building Castle |
| 19:17 | Noa · first_building Siege Workshop |
| 20:02 | Tutu® · first_building Castle |
| 20:30 | 99_rocketahip · first_building Monastery |
| 21:27 | Lord Snow · first_building Siege Workshop |
| 22:31 | VIT | Hera · first_building Barracks |
| 22:35 | VIT | Hera · first_building Monastery |
| 23:03 | Tutu® · first_building Barracks |
| 23:42 | Noa · first_building Archery Range |
| 23:43 | 99_rocketahip · first_building Siege Workshop |
| 24:13 | 99_rocketahip · first_building Barracks |
| 24:30 | Tutu® · first_building Stable |
| 24:42 | Tutu® · first_building Siege Workshop |
| 24:56 | Tutu® · wall_segment Stone Wall x4 |
| 24:59 | Tutu® · wall_segment Stone Wall x3 |
| 26:05 | 99_rocketahip · age_up imperial |
| 26:32 | 99_rocketahip · first_building Archery Range |
| 26:56 | VIT | Hera · first_building Castle |
| 27:04 | 99_rocketahip · first_building Castle |
| 27:04 | Tutu® · wall_segment Stone Wall x1 |
| 27:05 | Tutu® · wall_segment Stone Wall x1 |
| 27:06 | Tutu® · wall_segment Stone Wall x1 |
| 27:08 | Tutu® · wall_segment Stone Wall x1 |
| 27:38 | Explorer · age_up castle |
| 29:03 | Explorer · first_building Monastery |
| 29:56 | Lord Snow · first_building Barracks |
| 30:15 | Egbert · first_building Castle |
| 30:33 | VIT | Hera · age_up imperial |
| 30:39 | Tutu® · first_building Monastery |
| 30:45 | Egbert · first_building Barracks |
| 30:52 | Lord Snow · age_up imperial |
| 31:01 | Tutu® · wall_segment Stone Wall x3 |
| 31:03 | Lord Snow · first_building Stable |
| 31:47 | Egbert · first_building Stable |
| 32:22 | Tutu® · wall_segment Stone Wall x1 |
| 33:24 | Noa · first_building Castle |
| 34:36 | Noa · first_market_sell 500 stone |
| 35:36 | Hayah · age_up imperial |
| 36:03 | Explorer · first_building Castle |
| 36:09 | Egbert · age_up imperial |
| 38:28 | 99_rocketahip · wall_segment Palisade Wall x1 |
| 38:32 | 99_rocketahip · wall_segment Palisade Wall x1 |
| 38:34 | 99_rocketahip · wall_segment Palisade Wall x1 |
| 38:35 | 99_rocketahip · wall_segment Palisade Wall x1 |
| 38:57 | Noa · age_up imperial |
| 39:32 | Explorer · age_up imperial |
| 39:37 | Explorer · tribute_sent a jugador 1 |
| 39:37 | Explorer · tribute_sent a jugador 2 |
| 39:37 | Explorer · tribute_sent a jugador 3 |
| 39:37 | Explorer · tribute_sent a jugador 4 |
| 39:37 | Explorer · tribute_sent a jugador 5 |
| 39:37 | Explorer · tribute_sent a jugador 6 |
| 39:37 | Explorer · tribute_sent a jugador 7 |
| 39:52 | Explorer · tribute_sent a jugador 1 |
| 39:52 | Explorer · tribute_sent a jugador 2 |
| 39:52 | Explorer · tribute_sent a jugador 3 |
| 39:52 | Explorer · tribute_sent a jugador 4 |
| 39:52 | Explorer · tribute_sent a jugador 5 |
| 39:52 | Explorer · tribute_sent a jugador 6 |
| 39:52 | Explorer · tribute_sent a jugador 7 |
| 43:31 | Tutu® · age_up imperial |
| 44:04 | Hayah · tribute_sent a jugador 1 |
| 44:04 | Hayah · tribute_sent a jugador 3 |
| 44:04 | Hayah · tribute_sent a jugador 4 |
| 44:04 | Hayah · tribute_sent a jugador 5 |
| 44:04 | Hayah · tribute_sent a jugador 6 |
| 44:04 | Hayah · tribute_sent a jugador 7 |
| 44:04 | Hayah · tribute_sent a jugador 8 |
| 44:10 | VIT | Hera · tribute_sent a jugador 1 |
| 44:10 | VIT | Hera · tribute_sent a jugador 2 |
| 44:10 | VIT | Hera · tribute_sent a jugador 3 |
| 44:10 | VIT | Hera · tribute_sent a jugador 5 |
| 44:10 | VIT | Hera · tribute_sent a jugador 6 |
| 44:10 | VIT | Hera · tribute_sent a jugador 7 |
| 44:10 | VIT | Hera · tribute_sent a jugador 8 |
| 44:29 | Egbert · wall_segment Stone Wall x10 |
| 44:53 | Hayah · tribute_sent a jugador 1 |
| 44:53 | Hayah · tribute_sent a jugador 3 |
| 44:53 | Hayah · tribute_sent a jugador 4 |
| 44:53 | Hayah · tribute_sent a jugador 5 |
| 44:53 | Hayah · tribute_sent a jugador 6 |
| 44:53 | Hayah · tribute_sent a jugador 7 |
| 44:53 | Hayah · tribute_sent a jugador 8 |
| 45:06 | Egbert · wall_segment Stone Wall x1 |
| 45:12 | 99_rocketahip · first_building Stable |
| 45:17 | VIT | Hera · wall_segment Palisade Wall x1 |
| 45:20 | VIT | Hera · wall_segment Palisade Wall x1 |
| 49:14 | Egbert · wall_segment Palisade Wall x1 |
| 49:16 | Egbert · wall_segment Palisade Wall x1 |
| 49:47 | Explorer · first_market_sell 500 food |
| 49:50 | VIT | Hera · tribute_sent a jugador 1 |
| 49:50 | VIT | Hera · tribute_sent a jugador 2 |
| 49:50 | VIT | Hera · tribute_sent a jugador 3 |
| 49:50 | VIT | Hera · tribute_sent a jugador 5 |
| 49:50 | VIT | Hera · tribute_sent a jugador 6 |
| 49:50 | VIT | Hera · tribute_sent a jugador 7 |
| 49:50 | VIT | Hera · tribute_sent a jugador 8 |
| 49:52 | Hayah · tribute_sent a jugador 1 |
| 49:52 | Hayah · tribute_sent a jugador 3 |
| 49:52 | Hayah · tribute_sent a jugador 4 |
| 49:52 | Hayah · tribute_sent a jugador 5 |
| 49:52 | Hayah · tribute_sent a jugador 6 |
| 49:52 | Hayah · tribute_sent a jugador 7 |
| 49:52 | Hayah · tribute_sent a jugador 8 |
| 51:14 | VIT | Hera · tribute_sent a jugador 1 |
| 51:14 | VIT | Hera · tribute_sent a jugador 2 |
| 51:14 | VIT | Hera · tribute_sent a jugador 3 |
| 51:14 | VIT | Hera · tribute_sent a jugador 5 |
| 51:15 | VIT | Hera · tribute_sent a jugador 6 |
| 51:15 | VIT | Hera · tribute_sent a jugador 7 |
| 51:15 | VIT | Hera · tribute_sent a jugador 8 |
| 51:18 | Lord Snow · tribute_sent a jugador 1 |
| 51:18 | Lord Snow · tribute_sent a jugador 2 |
| 51:18 | Lord Snow · tribute_sent a jugador 3 |
| 51:18 | Lord Snow · tribute_sent a jugador 4 |
| 51:18 | Lord Snow · tribute_sent a jugador 5 |
| 51:18 | Lord Snow · tribute_sent a jugador 7 |
| 51:18 | Lord Snow · tribute_sent a jugador 8 |
| 54:04 | Noa · resign |
| 55:58 | Egbert · wall_segment Palisade Wall x1 |
[ AI ANALYSIS · 1 CREDIT ]
What really happened in this match?
Wolo.gg analyzes every decision: build order, eco, micro, common mistakes by bracket. Personalized analysis on WhatsApp or Discord in 30 seconds.
Civ guide
Turks
Perfil
Jugador #199325